 Dungeon Crawl Stone Soup version 0.22-a0-293-gc9362ec (webtiles) character file.

48554 tilp the Impaler (level 14, -3/110 HPs)
             Began as a Merfolk Ice Elementalist on Mar 24, 2018.
             Was an Elder of Makhleb.
             Shot with a bolt by an orc knight (22 damage)
             ... on level 2 of the Orcish Mines.
             The game lasted 01:53:38 (33629 turns).

tilp the Impaler (Merfolk Ice Elementalist)        Turns: 33629, Time: 01:53:40

Health: -3/110     AC: 11    Str:  9    XL:     14   Next: 46%
Magic:  17/26      EV: 16    Int: 22    God:    Makhleb [****..]
Gold:   1372       SH:  9    Dex: 15    Spells: 5/29 levels left

rFire    + . .     SeeInvis .   a - +0 trident
rCold    + . .     Gourm    .   C - +0 buckler
rNeg     . . .     Faith    .   M - +2 leather armour {rF+}
rPois    +         Spirit   .   H - +0 helmet
rElec    .         Reflect  +   i - scarf {repulsion}
rCorr    .         Harm     .   u - +2 pair of gloves of the World {rPois rC+ Int+4}
MR       ++...                  d - +1 pair of boots
Stlth    +++.......             E - +4 amulet of reflection
HPRegen  0.28/turn              D - ring of wizardry
MPRegen  0.20/turn              n - ring of protection from magic

@: lethally poisoned (-3 -> -4), repel missiles
A: change form in water, swift swim, stealthy swim
a: Minor Destruction, Lesser Servant of Makhleb, Major Destruction, Renounce
Religion


You were on level 2 of the Orcish Mines.
You worshipped Makhleb.
Makhleb was greatly pleased with you.
You were not hungry.

You visited 4 branches of the dungeon, and saw 20 of its levels.

You collected 1483 gold pieces.
You spent 111 gold pieces at shops.

Inventory:

Hand Weapons
 a - a +0 trident (weapon)
 N - a +0 halberd
Missiles
 K - 15 tomahawks (quivered)
 X - 8 silver tomahawks
Armour
 d - a +1 pair of boots (worn)
 i - a scarf of repulsion (worn)
 o - a +0 leather armour of fire resistance
 u - the +2 pair of gloves of the World (worn) {rPois rC+ Int+4}
   (You found it on level 11 of the Dungeon)

   It affects your intelligence (+4).
   It protects you from cold.
   It protects you from poison.
 C - a +0 buckler (worn)
 H - a +0 helmet (worn)
 M - a +2 leather armour of fire resistance (worn)
 Y - the cursed +0 ring mail of the Empire {rN+ Dex+2, unknown}
   (You found it on level 2 of the Lair of Beasts)

   It affects your dexterity (+2).
   It protects you from negative energy.
   It has a curse placed upon it.
Jewellery
 g - an uncursed ring of flight
 n - a ring of protection from magic (right hand)
 z - an uncursed ring of fire
 D - a ring of wizardry (left hand)
 E - a +4 amulet of reflection (around neck)
 V - a +2 ring of dexterity
Wands
 b - a wand of digging (8)
 x - a wand of enslavement (18)
 O - a wand of acid (2)
 P - a wand of paralysis (5)
 S - a wand of iceblast (5)
Scrolls
 e - 5 scrolls of remove curse
 k - 2 scrolls of fear
 p - 3 scrolls of fog
 s - a scroll of brand weapon {unknown}
 t - a scroll of summoning {unknown}
 v - 3 scrolls of blinking
 y - 5 scrolls of teleportation
 F - 4 scrolls of enchant weapon
 J - a scroll of noise {unknown}
 Q - a scroll of magic mapping {unknown}
 U - a scroll of silence {unknown}
 W - 3 scrolls of amnesia
Potions
 f - 2 potions of heal wounds
 h - a potion of invisibility {unknown}
 j - 8 potions of haste
 l - 4 potions of curing
 m - 2 potions of mutation
 q - 5 potions of magic
 r - 2 potions of flight
 w - 2 potions of agility
 A - a potion of ambrosia
 B - 3 potions of might
 T - a potion of cancellation {unknown}
 Z - a potion of degeneration {unknown}
Miscellaneous
 L - a phantom mirror
Comestibles
 c - 27 rations
 G - 3 chunks of flesh


   Skills:
 - Level 10.0 Fighting
 - Level 15.0 Polearms
 - Level 8.0 Dodging
 - Level 6.0 Stealth
 - Level 4.2 Shields
 - Level 8.0 Spellcasting
 - Level 6.0 Conjurations
 - Level 6.0 Charms
 - Level 2.2 Fire Magic
 + Level 13.0 Ice Magic
 - Level 6.0 Invocations
 - Level 4.0 Evocations


You had 5 spell levels left.
You knew the following spells:

 Your Spells              Type           Power        Failure   Level  Hunger
a - Freeze                Ice            ####         1%          1    None
b - Throw Frost           Conj/Ice       ######       1%          2    None
c - Ozocubu's Armour      Chrm/Ice       ######..     1%          3    None
d - Throw Icicle          Conj/Ice       ######..     1%          4    ###....
e - Conjure Flame         Conj/Fire      ####....     2%          3    None
f - Blink                 Tloc           N/A          6%          2    None
g - Swiftness             Chrm/Air       ###.....     1%          2    None
h - Regeneration          Chrm/Necr      ###.......   3%          3    None
i - Sticky Flame          Conj/Fire      ####....     8%          4    ###....


Dungeon Overview and Level Annotations

Branches:
Dungeon (11/15)            Temple (1/1) D:5            Lair (6/6) D:9
  Swamp (0/4) Lair:3       Spider (0/4) Lair:2        Slime (0/5) Lair:6
    Orc (2/2) D:11
    Elf: Orc:2

Altars:
Ashenzari
Cheibriados
Dithmenos
Elyvilon
Fedhas
Gozag
Hepliaklqana
Kikubaaqudgha
Makhleb
Nemelex Xobeh
Okawaru
Qazlal
Ru
Sif Muna
Trog
Uskayaw
Vehumet
Wu Jian
Xom
Yredelemnul
Zin
The Shining One

Shops:
D:4 =   D:6 !

Annotations:
D:2 5 exclusions, Sigmund
D:4 exclusion: phantom
D:5 exclusion: ice beast
D:7 Joseph
D:9 exclusion: 2 oklob plants
Lair:4 Snorg
Lair:6 exclusions: 2 oklob plants and 2 orange demons


Message History

Your ufetubus barely misses the orc warrior. x2
You hear a shout!
Items here: ( )) [[ † Unknown command.
Things that are here:
a war axe of venom; a chain mail You swap places.
Your neqoxec closely misses the orc warrior.
The orc warrior completely misses you.
Your iron imp hits the orc warrior.
You feel sick.
Your neqoxec disappears in a puff of smoke!
Your iron imp disappears in a puff of smoke!
The orc warrior throws a silver tomahawk.
The silver tomahawk hits you!
* * * LOW HITPOINT WARNING * * *
You see here a silver tomahawk.
The orc knight unwields an uncursed enchanted war axe.
The orc knight wields an arbalest.
The orc knight shoots a bolt.
The bolt hits you!!
You die...

#(....# #...#.............
#..o..# ##................
#8...8### #................
#..o.o#.## #...(............
#.....#..####................
##....o#§...(.................
#.....#o(o#.......[...........
#.....o#..[((....(............
##.#.........@.[).[...........
####.....(.).#<#.............
#....#.....[).....#.......
##.##...........[.........
####.........#()...#.....
####........#...#.#......
##......#....##.###.......
#.......##....### ##......
##..##..##...## ##.....


You could see an orc knight and 3 orc warriors.

Vanquished Creatures
  A dire elephant (Lair:6)
  5 hydras
  Erica (D:8)
  3 two-headed ogres
  4 death yaks
  The ghost of ThereIsNoGod the Grappler, a novice TrMo of Cheibriados (D:8)
  Nergalle (D:10)
  2 orc knights (Orc:2)
  A wizard (Lair:6)
  A lindwurm (Lair:6)
  2 ugly things (D:11)
  An orc sorcerer (Orc:2)
  2 black mambas (Lair:6)
  3 elephants
  A gargoyle (D:11)
  3 spiny frogs
  2 torpor snails
  3 rime drakes
  10 komodo dragons
  A queen bee (Lair:2)
  3 polar bears (Lair:5)
  Prince Ribbit (D:8)
  8 trolls
  11 blink frogs
  2 hornets
  8 hippogriffs
  A dream sheep (Lair:6)
  39 yaks
  4 wyverns
  A spriggan (D:9)
  2 basilisks
  Grum (D:10)
  A hungry ghost (D:8)
  Menkaure (D:5)
  A warg (Orc:1)
  11 water moccasins
  4 hell hounds (Lair:6)
  2 sky beasts (D:7)
  16 orc warriors
  3 porcupines
  3 black bears
  10 ogres
  A phantom (D:9)
  11 wolves
  3 centaurs
  10 crocodiles
  11 bullfrogs
  A wyvern zombie (D:11)
  A wyvern skeleton (D:7)
  5 scorpions
  25 killer bees (Lair:2)
  4 electric eels
  4 howler monkeys
  4 crimson imps
  3 centaur zombies
  A bullfrog zombie (D:5)
  3 hounds
  2 jellies (D:6)
  20 orc priests
  23 orc wizards
  A bullfrog skeleton (D:9)
  2 iguanas
  16 worker ants
  2 hound skeletons
  A howler monkey zombie (D:6)
  A worker ant zombie (D:11)
  3 gnolls (Orc:2)
  16 adders
  3 shadow imps
  2 oozes (D:2)
  An adder zombie (D:9)
  An adder skeleton (D:7)
  2 worms
  3 dart slugs
  3 leopard geckos
  54 orcs
  7 bats
  3 bat zombies (D:7)
  5 giant cockroaches
  7 hobgoblins
  8 jackals
  7 quokkas
  2 ball pythons
  3 frilled lizards
  A giant cockroach zombie (D:5)
  9 goblins
  6 kobolds
  A quokka skeleton (D:9)
  23 rats
  A plant (Lair:2)
507 creatures vanquished.

Vanquished Creatures (collateral kills)
  Saint Roka (Orc:2)
  An orc sorcerer (Orc:2)
  An orc warrior (Orc:2)
  2 orcs (Orc:2)
5 creatures vanquished.

Vanquished Creatures (others)
  An ogre (Orc:2)
  An orc (D:6)
  30 fungi
  22 plants
54 creatures vanquished.

Grand Total: 566 creatures vanquished

Notes
Turn   | Place    | Note
-------+----------+-------------------------------------------
     0 | D:1      | tilp the Merfolk Ice Elementalist began the quest for the Orb.
     0 | D:1      | Reached XP level 1. HP: 13/13 MP: 3/3
   384 | D:1      | Reached XP level 2. HP: 19/19 MP: 0/5
   388 | D:1      | Learned a level 2 spell: Throw Frost
   874 | D:1      | Reached XP level 3. HP: 23/24 MP: 6/6
   931 | D:1      | Learned a level 3 spell: Ozocubu's Armour
  1301 | D:2      | Reached skill level 5 in Ice Magic
  1518 | D:2      | Reached XP level 4. HP: 21/30 MP: 0/7
  2161 | D:2      | Noticed Sigmund
  2550 | D:2      | Reached XP level 5. HP: 35/35 MP: 8/8
  3639 | D:3      | Found a white marble altar of Elyvilon.
  3737 | D:3      | Found a snail-covered altar of Cheibriados.
  4151 | D:4      | Reached skill level 1 in Fighting
  4151 | D:4      | Reached XP level 6. HP: 43/44 MP: 2/9
  4634 | D:4      | Found an iron altar of Okawaru.
  4741 | D:4      | Found a shattered altar of Ashenzari.
  4761 | D:4      | Noticed a phantom
  4782 | D:4      | Reached skill level 1 in Shields
  4935 | D:4      | Reached XP level 7. HP: 38/52 MP: 1/10
  5128 | D:4      | Found Lughakod's Jewellery Shoppe.
  5133 | D:4      | Bought a +2 amulet of reflection for 75 gold pieces
  5297 | D:5      | Entered Level 5 of the Dungeon
  5499 | D:5      | Found an opulent altar of Gozag.
  5992 | D:5      | Found a shadowy altar of Dithmenos.
  6023 | D:5      | Found a staircase to the Ecumenical Temple.
  6023 | D:5      | Noticed Menkaure
  6042 | D:5      | Killed Menkaure
  6048 | Temple   | Entered the Ecumenical Temple
  6620 | D:5      | Reached XP level 8. HP: 53/58 MP: 6/11
  6815 | D:6      | Reached skill level 5 in Dodging
  6878 | D:6      | Reached skill level 2 in Polearms
  6972 | D:6      | Reached skill level 3 in Polearms
  7109 | D:6      | Reached skill level 4 in Polearms
  7532 | D:6      | Reached skill level 5 in Polearms
  7533 | D:6      | Found Vieddiuth's Distillery.
  7745 | D:6      | Bought a potion of lignification for 36 gold pieces
  8169 | D:7      | Reached skill level 6 in Polearms
  8363 | D:7      | Reached skill level 7 in Polearms
  8456 | D:7      | Reached skill level 8 in Polearms
  8814 | D:7      | Noticed Joseph
  8865 | D:7      | Reached skill level 9 in Polearms
  8865 | D:7      | Reached XP level 9. HP: 63/63 MP: 6/12
  9123 | D:7      | Found an ancient bone altar of Kikubaaqudgha.
  9274 | D:7      | Reached skill level 10 in Polearms
  9862 | D:7      | Reached skill level 11 in Polearms
  9904 | D:7      | Found a sparkling altar of Nemelex Xobeh.
 10244 | D:8      | Reached skill level 12 in Polearms
 10289 | D:8      | Noticed ThereIsNoGod's ghost (novice TrMo)
 10376 | D:8      | Found a shimmering altar of Xom.
 10376 | D:8      | Found a deep blue altar of Sif Muna.
 10378 | D:8      | Found a bloodstained altar of Trog.
 10441 | D:8      | Killed ThereIsNoGod's ghost
 10441 | D:8      | Reached skill level 13 in Polearms
 10972 | D:8      | Noticed Erica
 10989 | D:8      | Killed Erica
 10989 | D:8      | Reached skill level 15 in Polearms
 10989 | D:8      | Reached XP level 10. HP: 40/70 MP: 2/13
 11250 | D:8      | Found a stormy altar of Qazlal.
 11295 | D:8      | Noticed Prince Ribbit
 11305 | D:8      | Killed Prince Ribbit
 12189 | D:9      | Reached skill level 1 in Conjurations
 12312 | D:9      | Noticed a two-headed ogre
 12337 | D:9      | Killed a two-headed ogre
 12404 | D:9      | Found a blossoming altar of Fedhas.
 12407 | D:9      | Noticed an oklob plant
 12407 | D:9      | Noticed an oklob plant
 12743 | D:9      | Learned a level 3 spell: Conjure Flame
 12773 | D:9      | Learned a level 4 spell: Throw Icicle
 12987 | D:9      | Found a staircase to the Lair.
 13052 | D:9      | Found a burning altar of Makhleb.
 13065 | D:9      | Became a worshipper of Makhleb the Destroyer
 13357 | D:10     | Entered Level 10 of the Dungeon
 13357 | D:10     | Found a basalt altar of Yredelemnul.
 13408 | D:10     | Reached XP level 11. HP: 67/75 MP: 14/17
 13794 | D:10     | Got a warped falchion
 13920 | D:10     | Noticed Grum
 13944 | D:10     | Killed Grum
 14169 | D:10     | Reached skill level 5 in Fighting
 14371 | D:10     | Noticed Nergalle
 14408 | D:10     | Killed Nergalle
 14680 | D:10     | Reached * piety under Makhleb
 15604 | D:11     | Noticed a seven-headed hydra
 15617 | D:11     | Killed a seven-headed hydra
 15969 | D:11     | Got a pair of faintly glowing gloves
 16874 | D:11     | Noticed a two-headed ogre
 16890 | D:11     | Killed a two-headed ogre
 16974 | D:11     | Learned a level 2 spell: Blink
 17319 | D:11     | Found a staircase to the Orcish Mines.
 17331 | D:11     | Noticed a red ugly thing
 17331 | D:11     | Noticed a brown ugly thing
 17357 | Orc:1    | Entered Level 1 of the Orcish Mines
 17421 | Orc:1    | Found a burning altar of Makhleb.
 17672 | Orc:1    | Reached skill level 10 in Fighting
 17852 | Orc:1    | Reached skill level 5 in Spellcasting
 18140 | D:11     | Killed a red ugly thing
 18157 | D:11     | Killed a red ugly thing
 18315 | Orc:1    | Reached ** piety under Makhleb
 18315 | Orc:1    | Reached XP level 12. HP: 82/97 MP: 13/20
 18969 | D:10     | Identified the +2 pair of gloves of the World {rPois rC+ Int+4} (You found it on level 11 of the Dungeon)
 19004 | Lair:1   | Entered Level 1 of the Lair of Beasts
 19054 | Lair:1   | Learned a level 2 spell: Swiftness
 19840 | Lair:2   | Got a translucent ring mail
 20926 | Lair:2   | Reached skill level 10 in Ice Magic
 20973 | Lair:2   | Reached skill level 1 in Invocations
 21449 | Lair:2   | Reached *** piety under Makhleb
 21898 | Lair:2   | Noticed a five-headed hydra
 21916 | Lair:2   | Killed a five-headed hydra
 21916 | Lair:2   | Reached skill level 5 in Invocations
 21990 | Lair:2   | Found a hole to the Spider Nest.
 22649 | Lair:3   | Learned a level 3 spell: Regeneration
 23073 | Lair:3   | Found a staircase to the Swamp.
 23315 | Lair:3   | Noticed a death yak
 23402 | Lair:3   | Noticed a six-headed hydra
 23427 | Lair:3   | Killed a six-headed hydra
 23979 | Lair:2   | Killed a death yak
 23979 | Lair:2   | Reached XP level 13. HP: 90/103 MP: 1/22
 24153 | Lair:3   | Reached skill level 5 in Charms
 24786 | Lair:4   | Reached **** piety under Makhleb
 25036 | Lair:4   | Noticed Snorg
 28147 | Lair:5   | Reached skill level 5 in Conjurations
 28513 | Lair:6   | Entered Level 6 of the Lair of Beasts
 28691 | Lair:6   | Noticed a dire elephant
 28972 | Lair:6   | Learned a level 4 spell: Sticky Flame
 29206 | Lair:6   | Killed a dire elephant
 29641 | Lair:6   | Reached XP level 14. HP: 98/110 MP: 15/26
 29773 | Lair:6   | Found a staircase to the Slime Pits.
 30409 | Lair:6   | Reached skill level 5 in Stealth
 30791 | Lair:6   | Found a burning altar of Makhleb.
 31186 | Orc:2    | Entered Level 2 of the Orcish Mines
 31324 | Orc:2    | Reached skill level 1 in Fire Magic
 31773 | Orc:2    | Reached ***** piety under Makhleb
 32545 | Orc:2    | Noticed Saint Roka
 33290 | Orc:2    | Killed Saint Roka
 33629 | Orc:2    | Shot with a bolt by an orc knight

Vault maps used:
D:1:      erik_arrival_orb_chamber, minmay_tree_intersection, st_stairs_12
D:2:      serial_forest, infiniplex_forest_lined_2, infiniplex_forest_corner_1,
          infiniplex_forest_clump_tiny, infiniplex_forest_straight_2,
          infiniplex_forest_lined_corner, infiniplex_forest_straight_2,
          infiniplex_forest_end_double, infiniplex_forest_end_double,
          first_ration, uniq_sigmund
D:3:      kennysheep_slug_shrine, lemuel_doored_altar
D:4:      cheibrodos_ashenzari_chains, serial_shops, shop,
          okawaru_ov_weapons_minmay
D:5:      nicolae_dithmenos_through_a_glass_darkly, minmay_temple_entry_fiery,
          nicolae_gozag_seed_capital, uniq_menkaure
D:6:      serial_shops, shop
D:7:      lemuel_zombie_altar_kikubaaqudgha, nicolae_overflow_crystal_walls,
          uniq_joseph
D:8:      marbit_many_paths, grunt_temple_overflow_open, uniq_prince_ribbit1,
          uniq_erica
D:9:      kennysheep_mini, dpeg_oklobed_lair, the_bakery, library_closet,
          serial_bayou_lagoon_a, hangedman_tree_tricks
D:10:     basic_altar, uniq_nergalle, uniq_grum
D:11:     orc_0_dummy
Temple:   minmay_temple_curvy_loop
Lair:1:   grunt_megastairs_4
Lair:2:   nicolae_spider_entry_non_spiders, special_room, grunt_megastairs_2
Lair:3:   swamp_mist_pool
Lair:4:   uniq_snorg
Lair:5:   beast_lair_carwin_2, wad_woods_river_01
Lair:6:   evil_forest, minmay_slime_entry_oklob_open
Orc:1:    basic_altar
Orc:2:    grunt_orc_cross

Skill      XL: |  1  2  3  4  5  6  7  8  9 10 11 12 13 14 |
---------------+-------------------------------------------+-----
Ice Magic      | 4 5 6 7 10 12 13 | 13.0
Fighting       | 1 3 10 | 10.0
Shields        | 2 4 |  4.2
Charms         | 2 4 6 |  6.0
Dodging        | 4 5 8 |  8.0
Polearms       | 9 15 | 15.0
Evocations     | 4 |  4.0
Conjurations   | 4 6 |  6.0
Spellcasting   | 4 5 6 8 |  8.0
Invocations    | 6 |  6.0
Stealth        | 6 |  6.0
Fire Magic     | 2 |  2.2

Action                   |  1- 3 |  4- 6 |  7- 9 | 10-12 | 13-15 || total
-------------------------+-------+-------+-------+-------+-------++-------
Melee: Dagger            |    35 |   101 |    77 |       |       ||   213
       Unarmed           |     1 |       |       |       |       ||     1
       Mace              |       |       |    40 |     9 |       ||    49
       Spear             |       |       |    48 |       |       ||    48
       Trident           |       |       |    78 |   956 |   834 ||  1868
       Tailslap          |       |       |       |       |     1 ||     1
Throw: Stone             |    13 |    15 |     9 |     2 |       ||    39
       Tomahawk          |       |       |     1 |    21 |     7 ||    29
 Cast: Freeze            |    45 |    88 |   141 |   313 |   102 ||   689
       Ozocubu's Armour  |     5 |    12 |    33 |    89 |    71 ||   210
       Throw Frost       |     1 |     5 |    22 |    32 |     3 ||    63
       Throw Icicle      |       |       |       |    41 |    70 ||   111
       Conjure Flame     |       |       |       |    12 |    37 ||    49
       Blink             |       |       |       |     2 |     1 ||     3
       Regeneration      |       |       |       |       |     4 ||     4
       Sticky Flame      |       |       |       |       |    15 ||    15
Invok: Minor Destruction |       |       |       |       |     5 ||     5
       Lesser Servant of |       |       |       |       |     7 ||     7
Evoke: Wand              |       |     2 |     1 |     8 |     2 ||    13
  Use: Scroll            |       |       |    11 |     7 |     7 ||    25
       Potion            |       |       |     3 |     4 |     3 ||    10
 Stab: Sleeping          |     1 |    11 |     5 |     3 |     2 ||    22
       Distracted        |       |       |     1 |     2 |     3 ||     6
       Paralysed         |       |       |       |    27 |       ||    27
  Eat: Chunk             |     3 |    15 |    25 |    43 |    37 ||   123
       Ration            |       |       |     1 |     3 |     1 ||     5
Armor: Robe              |    18 |    20 |    56 |       |       ||    94
       Leather armour    |       |       |     6 |   177 |   192 ||   375
       Skin              |       |       |       |    57 |       ||    57
Dodge: Dodged            |    39 |   110 |   164 |   397 |   349 ||  1059
       Deflected         |       |       |       |       |    12 ||    12
Block: Buckler           |       |       |   132 |   417 |   264 ||   813
       Reflection        |       |       |     5 |     3 |     8 ||    16

Table legend:
 A = Spawn XP
 B = Non-spawn XP
 C = Spawn XP percentage of total XP
 D = Spawn monster count
 E = Non-spawn monster count
 F = Spawn count percentage of total count
 G = Total turns spent on level
                    A         B        C        D         E        F      G
               +---------+---------+-------+---------+---------+-------+---------
         Total |       0 |   69364 |   0.0 |       0 |     513 |   0.0 | 33629
               +---------+---------+-------+---------+---------+-------+---------
           D:1 |       0 |      57 |   0.0 |       0 |      29 |   0.0 |  1120
           D:2 |       0 |     113 |   0.0 |       0 |      25 |   0.0 |  1780
           D:3 |       0 |     128 |   0.0 |       0 |      32 |   0.0 |  1243
           D:4 |       0 |     352 |   0.0 |       0 |      17 |   0.0 |  1188
           D:5 |       0 |     576 |   0.0 |       0 |      19 |   0.0 |  1224
           D:6 |       0 |     530 |   0.0 |       0 |      14 |   0.0 |  1389
           D:7 |       0 |    1333 |   0.0 |       0 |      27 |   0.0 |  1908
           D:8 |       0 |    3054 |   0.0 |       0 |      23 |   0.0 |  1700
           D:9 |       0 |    2734 |   0.0 |       0 |      38 |   0.0 |  1630
          D:10 |       0 |    3254 |   0.0 |       0 |      21 |   0.0 |  2290
          D:11 |       0 |    5675 |   0.0 |       0 |      24 |   0.0 |  2515
        Lair:1 |       0 |     590 |   0.0 |       0 |       4 |   0.0 |   832
        Lair:2 |       0 |    9982 |   0.0 |       0 |      62 |   0.0 |  2964
        Lair:3 |       0 |    3554 |   0.0 |       0 |      18 |   0.0 |  2014
        Lair:4 |       0 |    3641 |   0.0 |       0 |      19 |   0.0 |  1154
        Lair:5 |       0 |    9635 |   0.0 |       0 |      28 |   0.0 |  2657
        Lair:6 |       0 |   13125 |   0.0 |       0 |      41 |   0.0 |  2492
         Orc:1 |       0 |    1670 |   0.0 |       0 |      28 |   0.0 |  1813
         Orc:2 |       0 |    9361 |   0.0 |       0 |      44 |   0.0 |  1505
               +---------+---------+-------+---------+---------+-------+---------
